 Dungeon Crawl Stone Soup version 0.18-a0-1312-gf98331d (webtiles) character file.

442276 Ratboiler the Warrior (level 23, -2/237 HPs)
             Began as a Deep Elf Wanderer on Feb 14, 2016.
             Was an Elder of Trog.
             Shot with an arrow by a deep elf master archer (7 damage)
             ... on level 3 of the Elven Halls on Feb 15, 2016.
             The game lasted 03:38:02 (62490 turns).

Ratboiler the Warrior (Deep Elf Wanderer)          Turns: 62490, Time: 03:38:02

Health: -2/237     AC: 34    Str: 27    XL:     23   Next: 4%
Magic:  30/30      EV: 23    Int: 18    God:    Trog [****..]
Gold:   436        SH:  0    Dex: 20    Spells: 0 memorised, 22 levels left

rFire  + . .     SeeInvis +     a - +4 lajatang "Gyrghewna" {flame, Str+4}
rCold  + . .     Gourm    +     X - +2 plate armour {rF+}
rNeg   . . .     Faith    .     (shield currently unavailable)
rPois  +         Spirit   .     r - +2 helmet {SInv}
rElec  .         Dismiss  .     N - +4 cloak "Limuckou" {rCorr}
rCorr  +         Reflect  .     F - +2 pair of gloves {Str+3}
SustAt .         Harm     .     i - +0 pair of boots
MR     ++++.                    p - amulet "Ama Deg Lufi" {Gourm rPois}
Stlth  ..........               Y - +3 ring of evasion
                                z - ring of protection from cold

@: berserking (expiring), regenerating, very quick, incredibly resistant to
hostile enchantments, extremely unstealthy
A: hooves 1, thin skeletal structure 1
a: Berserk, Trog's Hand, Brothers in Arms, Burn Spellbooks, Renounce Religion
}: 2/15 runes: barnacled, gossamer


You were on level 3 of the Elven Halls.
You worshipped Trog.
Trog was greatly pleased with you.
You were full.

You visited 7 branches of the dungeon, and saw 39 of its levels.
You visited the Abyss 1 time.
You visited 1 bazaar.
You also visited: Labyrinth, Bailey and Ice Cave.

You collected 4959 gold pieces.
You spent 4523 gold pieces at shops.

Inventory:

Hand Weapons
 a - the +4 lajatang "Gyrghewna" (weapon) {flame, Str+4}
   (You acquired it on level 3 of the Elven Halls)

   It has been specially enchanted to burn those struck by it, causing extra
   injury to most foes and up to half again as much damage against particularly
   susceptible opponents.
   Big, fiery blades are also staple armaments of hydra-hunters.
   It affects your strength (+4).
 b - a +0 blowgun
 y - the +5 scythe "Finisher" {speed, Str+3}
   (You took it off a deep elf sorcerer on level 3 of the Elven Halls)

   Attacks with this weapon are significantly faster.
   It affects your strength (+3).
 D - the +8 quarterstaff of Disintegration {freeze, rN+ Str+3 SInv}
   (You found it on level 8 of the Dungeon)

   It has been specially enchanted to freeze those struck by it, causing extra
   injury to most foes and up to half again as much damage against particularly
   susceptible opponents.
   It can also slow down cold-blooded creatures.
   It affects your strength (+3).
   It protects you from negative energy.
   It lets you see invisible.
Missiles
 e - 6 throwing nets
 j - 49 poisoned needles
 m - 7 needles of slowing
 J - 3 tomahawks (quivered)
 L - 4 steel javelins
 T - 7 curare-tipped needles
Armour
 i - a +0 pair of boots (worn)
 r - a +2 helmet of see invisible (worn)
 F - a +2 pair of gloves of strength (worn)
 I - a fire dragon hide
 N - the +4 cloak "Limuckou" (worn) {rCorr}
   (You bought it in a shop on level 2 of the Orcish Mines)

   It protects you from acid and corrosion.
 X - a +2 plate armour of fire resistance (worn)
Jewellery
 p - the amulet "Ama Deg Lufi" (around neck) {Gourm rPois}
   (You found it in a bailey)

   [amulet of the gourmand]

   It allows you to eat raw meat even when not hungry.
   It protects you from poison.
 t - an uncursed ring of protection from magic
 z - a ring of protection from cold (left hand)
 G - the ring "Dorasahu" {MR+ MP+9, unknown}
   (You took it off a deep elf demonologist on level 3 of the Elven Halls)

   [ring of protection from magic]

   It affects your resistance to hostile enchantments.
   It affects your magic capacity (+9).
 P - an uncursed ring of fire
 U - an uncursed ring of resist corrosion
 V - an uncursed ring of magical power {unknown}
 Y - a +3 ring of evasion (right hand)
Wands
 l - a wand of flame (12/48)
 n - a wand of lightning (5/15)
 o - a wand of flame (13/48)
 s - a wand of flame (12/48)
 u - a wand of polymorph (10/24)
 v - a wand of lightning (6/15)
 w - a wand of iceblast (1/15)
 x - a wand of teleportation (0/9)
 C - a wand of digging (0/24)
 E - a wand of slowing (27/48)
 K - a wand of lightning (1/15)
 M - a wand of iceblast (4/15)
 O - a wand of acid (6/15)
 R - a wand of heal wounds (0/9)
Scrolls
 g - a scroll of enchant armour
 h - 3 scrolls of remove curse
 k - 2 scrolls of fog
 B - a scroll of magic mapping
 S - a scroll of brand weapon
 Z - 11 scrolls of identify
Potions
 c - a potion of resistance
 d - a potion of berserk rage
 H - 2 potions of brilliance
 Q - 2 potions of cancellation
Miscellaneous
 W - a phial of floods (inert)
Comestibles
 f - 11 bread rations


   Skills:
 + Level 20.4 Fighting
   Level 1.0 Long Blades
   Level 6.6(9.9) Maces & Flails
 - Level 14.3(15.1) Staves
 + Level 16.4 Armour
 + Level 16.5 Dodging
 - Level 3.6 Stealth
   Level 4.0 Shields
 - Level 7.0 Evocations


You had 22 spell levels left.
You didn't know any spells.

Dungeon Overview and Level Annotations

Branches:
Dungeon (15/15)            Temple (0/1) D:5            Lair (8/8) D:11
 Shoals (4/4) Lair:4       Spider (4/4) Lair:6          Orc (2/2) D:12
    Elf (3/3) Orc:2        Vaults (3/5) D:14          Crypt (0/3) Vaults:2
 Depths (0/5) D:15
  Slime: Lair:6-8

Altars:
Ashenzari
Dithmenos
Elyvilon
Qazlal
Trog
Vehumet
Yredelemnul
Zin
The Shining One
Beogh
Lugonu

Shops:
D:9 %:[*[   Orc:2 ::[?   Elf:1 *   Elf:2 ([   Elf:3 :

Annotations:
D:4 Sigmund
D:11 exclusion: downstairs
Shoals:4 Ilsuiw
Vaults:3 Boris


Innate Abilities, Weirdness & Mutations

You have large cloven feet.
You have a somewhat thin skeletal structure (Dex +2, Stealth).


Message History

You slash the deep elf annihilator! You burn the deep elf annihilator.
The deep elf annihilator is severely wounded.
The deep elf master archer shoots an arrow.
The arrow hits you!
* * * LOW HITPOINT WARNING * * *
The ynoxinul is engulfed in roaring flames.
You slice the deep elf annihilator!! You burn the deep elf annihilator!
You kill the deep elf annihilator!
Trog accepts your kill.
Trog appreciates your killing of a magic user.
The deep elf master archer shoots an arrow.
The arrow hits you!
* * * LOW HITPOINT WARNING * * *
The Ice Fiend barely misses you.
The Ice Fiend claws you but does no damage.
You hit the deep elf master archer. You burn the deep elf master archer.
The deep elf master archer is heavily wounded.
The deep elf master archer shoots an arrow.
The arrow hits you!
You die...

#*,,,,,*** #§#..#**,,,,,*
#*,,,*** #.#.)# ***,,,* #*,***
#.#.)# ***,* #*** ##)#).# ***
############.§(.#######**********
.....'......[§§§).....#,,,,,,,,,,
.....#.)...[..#E§4....#.,,,,,,,,,
.....#........#e1e4.(.'.,,,,,,,,,
'########'######@######+********+
........................,,,,,,,,,
..............(.........,,,,,,,,,
#################################
≈≈≈≈≈≈≈≈≈≈≈≈≈≈≈≈≈≈≈≈≈≈≈≈≈≈≈≈≈≈≈≈≈
≈≈≈≈≈≈≈≈≈≈≈≈≈≈≈≈≈≈≈≈≈≈≈†≈≈≈≈≈≈≈≈≈
........................)........
............................(....
.................................


You could see an Ice Fiend, a deep elf master archer, a deep elf demonologist,
an orange demon, a hellwing and a fire elemental.

Vanquished Creatures
  Boris (Vaults:2)
  Margery (Vaults:3)
  Saint Roka (Vaults:1)
  Xtahua (Vaults:3)
  A tentacled monstrosity (Vaults:1)
  A deep elf master archer (Elf:3)
  3 deep elf blademasters
  A tentacled starspawn (Abyss:5)
  A sphinx (Vaults:3)
  Kirke (Elf:1)
  A fire giant (Vaults:2)
  2 ghost moths
  3 deep elf sorcerers
  Maud (D:12)
  6 vault wardens
  A frost giant (Vaults:3)
  4 emperor scorpions
  4 deep elf elementalists (Elf:3)
  6 ironheart preservers
  2 ghouls
  7 stone giants
  4 deep elf demonologists (Elf:3)
  7 deep elf annihilators (Elf:3)
  A spark wasp (shapeshifter) (Vaults:2)
  Azrael (Spider:3)
  2 spark wasps
  A merfolk javelineer (Shoals:4)
  3 ettins
  3 deep elf death magi (Elf:3)
  A fire dragon (Vaults:1)
  A minotaur (Lab)
  Snorg (Orc:2)
  5 vault guards
  3 merfolk impalers
  Fannar (Orc:1)
  2 great orbs of eyes
  4 yaktaur captains
  2 entropy weavers
  An ice dragon (shapeshifter) (Vaults:1)
  5 hydras
  2 ice dragons (IceCv)
  A catoblepas (D:13)
  2 rakshasas (Vaults:1)
  An alligator snapping turtle (Shoals:4)
  8 centaur warriors
  2 merfolk avatars (Shoals:4)
  15 ogre magi
  4 death yaks (Lair:8)
  3 death knights
  31 dancing weapons
  A thrashing horror (Abyss:5)
  2 merfolk aquamancers (Shoals:4)
  A satyr (shapeshifter) (Vaults:2)
  An orc high priest (Orc:2)
  A deep troll shaman (Vaults:2)
  A tengu warrior (D:14)
  16 deep elf knights
  5 hell knights (Vaults:3)
  2 wretched stars
  6 unseen horrors
  5 skeletal warriors
  2 wizards (D:14)
  4 large abominations
  4 deep trolls
  3 giant orange brains (Vaults:2)
  10 hill giants
  7 sea snakes (Shoals:4)
  2 swamp dragons (shapeshifter)
  A flayed ghost (Vaults:3)
  13 deep elf archers
  9 ironbrand convokers
  20 orc knights
  A phantasmal warrior (Vaults:1)
  9 orb spiders
  18 harpies
  Pikel (D:8)
  4 hornets
  A wolf spider zombie (D:15)
  14 cyclopes
  12 griffons
  2 necromancers
  33 ugly things
  49 deep elf magi
  A water nymph (shapeshifter) (Vaults:1)
  23 wolf spiders
  4 manticores
  10 orc sorcerers
  A moth of wrath (Spider:4)
  A water nymph (Shoals:4)
  A salamander (shapeshifter) (Elf:3)
  A worldbinder (Abyss:3)
  Maurice (D:12)
  A guardian serpent (D:14)
  16 elephants
  A siren (Shoals:4)
  10 vault sentinels
  3 centaur zombies
  A smoke demon (Abyss:3)
  4 black mambas
  4 torpor snails (Spider:4)
  An octopode (shapeshifter) (Vaults:1)
  Psyche (D:8)
  26 spiny frogs
  A gargoyle (D:11)
  2 ice statues (IceCv)
  9 komodo dragons
  2 efreet
  4 kobold demonologists
  5 fire drakes
  6 freezing wraiths
  A komodo dragon (shapeshifter) (Vaults:2)
  A yaktaur skeleton (Vaults:3)
  25 yaktaurs
  8 demonic crawlers
  An ancient zyme (Abyss:3)
  34 jumping spiders
  12 trolls
  The ghost of Duffy the Geomancer, a novice GrEE of Cheibriados (D:8)
  A jumping spider (shapeshifter) (Vaults:2)
  2 human skeletons (Vaults:3)
  A queen bee (Lair:2)
  8 merfolk
  A two-headed ogre (shapeshifter) (D:15)
  A polar bear (Lair:4)
  4 giant leeches (Lair:8)
  20 two-headed ogres
  A wind drake (Shoals:4)
  12 slime creatures
  3 raiju
  28 blink frogs
  2 snapping turtles (Shoals:1)
  2 boulder beetles
  59 redbacks
  A snapping turtle (shapeshifter) (Vaults:2)
  A spriggan (shapeshifter) (Vaults:2)
  6 air elementals
  7 wyverns
  2 flying skulls (Vaults:2)
  A vampire (D:9)
  A yak (shapeshifter) (Vaults:1)
  A human (D:7)
  23 tarantellas
  A shadow (D:12)
  8 wraiths
  53 yaks
  12 water elementals
  6 fire elementals
  13 hippogriffs
  3 hogs
  A chaos spawn (Abyss:5)
  2 basilisks
  2 steam dragons
  2 hippogriffs (shapeshifter)
  3 hungry ghosts
  17 vampire mosquitoes
  2 mottled dragons
  16 wolves
  The ghost of tevius the Slasher, an amateur HESk (D:5)
  14 wargs
  A naga (Abyss:3)
  A soldier ant (D:12)
  Menkaure (D:7)
  A hell hound (Spider:3)
  16 water moccasins
  A hornet simulacrum (D:15)
  9 porcupines
  49 orc warriors
  5 sky beasts
  A slave (D:8)
  22 ice beasts
  A black bear (shapeshifter) (D:14)
  3 phantoms
  6 wasps
  A necrophage (D:12)
  44 ogres
  5 boggarts (Vaults:1)
  17 centaurs
  15 crocodiles
  3 small abominations
  41 giant frogs
  8 gnoll sergeants (Bailey)
  A glowing shapeshifter simulacrum (Vaults:2)
  2 earth elementals
  3 human simulacra
  3 scorpions
  An elf simulacrum (Vaults:3)
  33 killer bees
  5 wights (D:9)
  8 electric eels
  3 crimson imps
  A giant frog zombie (D:10)
  A quasit (D:7)
  11 hounds
  4 jellies
  7 gnoll shamans
  20 orc priests
  45 orc wizards
  Natasha (thrice) (D:2)
  6 centaur skeletons
  2 giant frog skeletons
  9 iguanas
  Jessica (D:2)
  9 worker ants
  12 sheep
  A hound zombie (D:6)
  2 hound skeletons
  Robin (D:2)
  26 gnolls
  55 river rats
  15 adders
  4 shadow imps
  14 white imps
  4 oozes
  3 adder skeletons
  2 adder zombies
  4 worms
  5 giant geckos
  141 orcs
  3 ball pythons
  4 giant cockroaches
  21 goblins
  7 hobgoblins
  5 jackals
  12 kobolds
  6 quokkas
  14 bats
  6 giant newts
  A quokka zombie (D:5)
  12 rats
  3 fungi
  3 plants
  2 starspawn tentacles (Abyss:5)
1810 creatures vanquished.

Vanquished Creatures (collateral kills)
  A tentacled monstrosity (Abyss:5)
  A tentacled starspawn (Abyss:5)
  Frances (D:12)
  An eldritch tentacle (Abyss:5)
  Donald (Orc:2)
  2 ghost moths (Spider:4)
  A vault warden (Vaults:3)
  A wizard (Abyss:5)
  Nessos (Orc:2)
  A merfolk impaler (Shoals:4)
  An ogre mage (Vaults:3)
  A merfolk avatar (Shoals:1)
  A hell hog (Abyss:5)
  A sea snake (Shoals:4)
  2 wretched stars (Abyss:5)
  A large abomination (Abyss:5)
  2 wolf spiders
  A griffon (Lair:4)
  A siren (Shoals:2)
  2 orb spiders (Spider:4)
  2 manticores (Shoals:4)
  An elephant (Lair:5)
  A centaur skeleton (D:13)
  2 yaktaurs (Vaults:3)
  An ancient zyme (Abyss:5)
  A demonic crawler (Spider:4)
  A merfolk (Shoals:4)
  2 jumping spiders
  A wind drake (Shoals:1)
  A snapping turtle (Shoals:1)
  A slime creature (D:14)
  4 redbacks
  3 tarantellas
  A ynoxinul (Abyss:5)
  A wraith (D:12)
  An ice beast (D:12)
  4 ogres (Vaults:3)
  A centaur (D:12)
  An earth elemental (Elf:3)
  A jelly (D:12)
  6 orc wizards
  A sheep (Shoals:1)
  2 orcs
64 creatures vanquished.

Vanquished Creatures (others)
  Josephine (D:12)
  3 deep elf magi
  A small abomination (Abyss:5)
  2 killer bees
  An orc wizard (Orc:2)
  An orc (Orc:1)
  A demonic plant (D:14)
  77 fungi
  51 plants
  8 starspawn tentacles (Abyss:5)
  12 starspawn tentacle segments (Abyss:5)
158 creatures vanquished.

Grand Total: 2032 creatures vanquished

Notes
Turn   | Place    | Note
--------------------------------------------------------------
     0 | D:1      | Ratboiler the Deep Elf Wanderer began the quest for the Orb.
     0 | D:1      | Ratboiler set off with: a +2 spear, a potion of lignification, a +0 ring mail, a +0 dagger, a bread ration
     0 | D:1      | Reached XP level 1. HP: 13/13 MP: 3/3
    58 | D:1      | Reached XP level 2. HP: 18/18 MP: 4/4
   394 | D:1      | Reached XP level 3. HP: 21/23 MP: 5/5
   698 | D:2      | Noticed Robin
   968 | D:2      | Killed Robin
  1058 | D:2      | Found a bloodstained altar of Trog.
  1063 | D:2      | Became a worshipper of Trog the Wrathful
  1111 | D:2      | Noticed Jessica
  1219 | D:2      | Killed Jessica
  1219 | D:2      | Reached skill level 4 in Fighting
  1219 | D:2      | Reached XP level 4. HP: 29/29 MP: 6/6
  1313 | D:2      | Found a glowing silver altar of Zin.
  1366 | D:2      | Noticed Natasha
  1382 | D:2      | Killed Natasha
  1472 | D:2      | Noticed Natasha
  1476 | D:2      | Killed Natasha
  1476 | D:2      | Reached XP level 5. HP: 30/34 MP: 7/7
  1610 | D:2      | Reached skill level 5 in Fighting
  1628 | D:2      | Noticed Natasha
  1637 | D:2      | Killed Natasha
  2189 | D:2      | Reached * piety under Trog
  3121 | D:3      | Found a radiant altar of Vehumet.
  3122 | D:3      | Found a basalt altar of Yredelemnul.
  3568 | D:4      | Reached XP level 6. HP: 38/40 MP: 8/8
  3658 | D:4      | Noticed Sigmund
  4180 | D:4      | Reached skill level 1 in Long Blades
  4711 | D:4      | Reached skill level 6 in Fighting
  4883 | D:4      | Found a stormy altar of Qazlal.
  4913 | D:5      | Entered Level 5 of the Dungeon
  4934 | D:5      | Found a staircase to the Ecumenical Temple.
  4997 | D:5      | Noticed tevius's ghost (amateur HESk)
  5025 | D:5      | Killed tevius's ghost
  5025 | D:5      | Reached XP level 7. HP: 26/47 MP: 9/9
  5182 | D:5      | Reached skill level 7 in Fighting
  5383 | D:5      | Reached skill level 1 in Shields
  6205 | D:6      | Reached ** piety under Trog
  6255 | D:6      | Reached XP level 8. HP: 53/53 MP: 10/10
  6359 | D:6      | Reached skill level 1 in Maces & Flails
  7081 | D:6      | Found a white marble altar of Elyvilon.
  7352 | D:7      | Reached skill level 8 in Fighting
  7428 | D:7      | Reached XP level 9. HP: 42/59 MP: 11/11
  8826 | D:7      | Noticed Menkaure
  8843 | D:7      | Killed Menkaure
  8843 | D:7      | Reached skill level 5 in Maces & Flails
  9148 | D:7      | Found a shadowy altar of Dithmenos.
  9527 | D:8      | Found a shattered altar of Ashenzari.
  9742 | D:8      | Noticed Psyche
  9750 | D:8      | Killed Psyche
  9802 | D:8      | Found a glowing golden altar of the Shining One.
  9833 | D:8      | Noticed Duffy's ghost (novice GrEE)
  9835 | D:8      | Reached *** piety under Trog
  9887 | D:7      | Reached skill level 9 in Fighting
  9925 | D:8      | Killed Duffy's ghost
  9925 | D:8      | Reached XP level 10. HP: 66/66 MP: 12/12
 10190 | D:8      | Got a faintly glowing quarterstaff
 10196 | D:8      | Identified the +8 quarterstaff of Disintegration {freeze, rN+ Str+3 SInv} (You found it on level 8 of the Dungeon)
 10457 | D:8      | Noticed Pikel
 10466 | D:8      | Killed Pikel
 10688 | D:9      | Found Ishryagu's Antique Armour Boutique.
 10691 | D:9      | Bought a runed helmet for 121 gold pieces
 10691 | D:9      | Bought a distressingly furry scale mail for 243 gold pieces
 10711 | D:9      | Identified the +3 scale mail "Guashrust" {rF+ rN++} (You bought it in a shop on level 9 of the Dungeon)
 11071 | D:9      | Found Ubran's Assorted Antiques.
 11572 | D:9      | Found Yqa Maotza's Armour Shop.
 11663 | D:9      | Found Ijiot's Book Shoppe.
 11729 | D:9      | Found Xaetih's Food Shop.
 11745 | D:10     | Entered Level 10 of the Dungeon
 11773 | D:10     | Reached skill level 5 in Staves
 11883 | D:10     | Reached **** piety under Trog
 12034 | D:10     | Noticed a hill giant
 12042 | D:10     | Killed a hill giant
 12335 | D:10     | Reached skill level 10 in Fighting
 12477 | D:10     | Found a roughly hewn altar of Beogh.
 12764 | D:10     | Reached XP level 11. HP: 58/72 MP: 13/13
 12766 | D:10     | Reached ***** piety under Trog
 13131 | D:11     | Noticed a hill giant
 13158 | D:11     | Killed a hill giant
 13259 | D:11     | Noticed a hill giant
 13268 | D:11     | Killed a hill giant
 13315 | D:11     | Received a gift from Trog
 14178 | D:11     | Found a staircase to the Lair.
 14367 | D:11     | Noticed a hill giant
 14375 | D:11     | Killed a hill giant
 14379 | D:11     | Noticed an unseen horror
 14452 | D:12     | Noticed Maud
 14452 | D:12     | Noticed a green ugly thing
 14495 | D:12     | Noticed a red ugly thing
 14497 | D:12     | Noticed Maurice
 14498 | D:12     | Noticed Frances
 14728 | D:11     | Killed an unseen horror
 14831 | D:12     | Reached skill level 10 in Staves
 15129 | D:12     | Killed Maud
 15602 | D:12     | Noticed an unseen horror
 15610 | D:12     | Killed an unseen horror
 15610 | D:12     | Reached skill level 11 in Fighting
 15667 | D:12     | Reached XP level 12. HP: 65/80 MP: 14/14
 15762 | D:12     | Killed Frances
 15873 | D:12     | Noticed Josephine
 15899 | D:12     | Killed Josephine
 16395 | D:12     | Reached skill level 5 in Evocations
 17091 | D:12     | Killed Maurice
 17333 | D:12     | Found a staircase to the Orcish Mines.
 17586 | Lair:1   | Entered Level 1 of the Lair of Beasts
 18151 | Lair:1   | Gained mutation: You have sharp toenails. [potion of mutation]
 18151 | Lair:1   | Gained mutation: You are weak. (Str -2) [potion of mutation]
 18151 | Lair:1   | Gained mutation: Your spells are a little harder to cast, but a little more powerful. [potion of mutation]
 18428 | Lair:1   | Gained mutation: You are surrounded by a mild repulsion field (EV +2). [potion of beneficial mutation]
 18429 | Lair:1   | Lost mutation: Your spells are a little harder to cast, but a little more powerful. [potion of cure mutation]
 18429 | Lair:1   | Lost mutation: You are surrounded by a mild repulsion field (EV +2). [potion of cure mutation]
 18429 | Lair:1   | Lost mutation: You are weak. (Str -2) [potion of cure mutation]
 18429 | Lair:1   | Lost mutation: You have sharp toenails. [potion of cure mutation]
 19372 | Lair:2   | Reached skill level 5 in Dodging
 19373 | Lair:2   | Reached skill level 12 in Fighting
 19424 | Lair:2   | Reached XP level 13. HP: 78/86 MP: 20/20
 19524 | Lair:2   | Received a gift from Trog
 20911 | Lair:3   | Found a frozen archway.
 20986 | IceCv    | Entered an ice cave
 21165 | IceCv    | Received a gift from Trog
 22490 | Lair:3   | Reached skill level 5 in Armour
 22844 | Lair:3   | You fall through a shaft for 3 floors!
 23204 | Lair:4   | Found a labyrinth entrance.
 23230 | Lab      | Entered a labyrinth
 23804 | Lab      | Noticed a minotaur
 23812 | Lab      | Killed a minotaur
 24195 | Lair:4   | Gained mutation: You have a somewhat thin skeletal structure (Dex +2, Stealth). [potion of beneficial mutation]
 24505 | Lair:4   | Found a staircase to the Shoals.
 24830 | Lair:4   | Received a gift from Trog
 25353 | Lair:4   | Reached XP level 14. HP: 92/92 MP: 21/21
 26019 | Lair:5   | Reached skill level 13 in Fighting
 26242 | Lair:6   | Found a hole to the Spider Nest.
 27247 | Lair:8   | Entered Level 8 of the Lair of Beasts
 27568 | Lair:8   | Received a gift from Trog
 28791 | Lair:8   | Received a gift from Trog
 29457 | Lair:8   | Reached XP level 15. HP: 87/100 MP: 22/22
 29511 | Lair:8   | Reached skill level 14 in Fighting
 29524 | Lair:8   | Got a smelly scale mail
 29752 | Lair:1   | Identified the cursed +0 scale mail of Joy {Int+4 Dex+3} (You found it on level 8 of the Lair of Beasts)
 29867 | Orc:1    | Entered Level 1 of the Orcish Mines
 29984 | Orc:1    | Found a flagged portal.
 30034 | Bailey   | Entered a bailey
 30400 | Bailey   | Got a glittering bone amulet
 30402 | Bailey   | Identified the amulet "Ama Deg Lufi" {Gourm rPois} (You found it in a bailey)
 30910 | Orc:1    | Noticed Fannar
 30927 | Orc:1    | Killed Fannar
 31440 | Orc:2    | Entered Level 2 of the Orcish Mines
 31610 | Orc:2    | Noticed Nessos
 32307 | Orc:2    | Found Kuloura's Book Shoppe.
 32307 | Orc:2    | Found Xihat's Book Boutique.
 32939 | Orc:2    | Found a roughly hewn altar of Beogh.
 32952 | Orc:2    | Found Mauveb's Antique Armour Shoppe.
 32952 | Orc:2    | Found Heczoqas's Magic Scroll Boutique.
 32966 | Orc:2    | Bought a scroll of identify for 32 gold pieces
 32966 | Orc:2    | Bought a scroll of identify for 32 gold pieces
 32966 | Orc:2    | Bought a scroll of blinking for 120 gold pieces
 32966 | Orc:2    | Bought a scroll of identify for 32 gold pieces
 32966 | Orc:2    | Bought a scroll of identify for 32 gold pieces
 32966 | Orc:2    | Bought a scroll of identify for 32 gold pieces
 32966 | Orc:2    | Bought a scroll of identify for 32 gold pieces
 32975 | Orc:2    | Bought a dazzling ring mail for 279 gold pieces
 32975 | Orc:2    | Bought an encrusted ring mail for 279 gold pieces
 32975 | Orc:2    | Bought a slimy cloak for 294 gold pieces
 33264 | Orc:2    | Identified the +4 cloak "Limuckou" {rCorr} (You bought it in a shop on level 2 of the Orcish Mines)
 33275 | Orc:2    | Identified the cursed +1 ring mail of Yntyntu {*Drain rElec rN+ Regen+} (You bought it in a shop on level 2 of the Orcish Mines)
 33276 | Orc:2    | Identified the +1 ring mail "Nessof" {rC- MR+++ rCorr Str-5} (You bought it in a shop on level 2 of the Orcish Mines)
 33289 | Orc:2    | Found a staircase to the Elven Halls.
 33344 | Orc:2    | Found a roughly hewn altar of Beogh.
 33483 | Orc:2    | Killed Nessos
 33676 | Orc:2    | Noticed Snorg
 33706 | Orc:2    | Killed Snorg
 33991 | Orc:2    | Noticed Donald
 34030 | Orc:2    | Killed Donald
 34030 | Orc:2    | Reached skill level 10 in Armour
 34305 | D:13     | Found a white marble altar of Elyvilon.
 34559 | D:13     | Reached skill level 15 in Fighting
 35231 | D:13     | Received a gift from Trog
 35614 | D:14     | Reached XP level 16. HP: 91/108 MP: 23/23
 35639 | D:14     | Identified a scroll of acquirement
 35658 | D:14     | Found a corrupted altar of Lugonu.
 36128 | Spider:1 | Entered Level 1 of the Spider Nest
 36929 | Spider:1 | Got a scorched ring mail
 36930 | Spider:1 | Identified the +2 ring mail of Ihielyik {rC+++} (You found it on level 1 of the Spider Nest)
 37144 | Spider:2 | Received a gift from Trog
 38224 | Spider:3 | Noticed Azrael
 38238 | Spider:3 | Killed Azrael
 38380 | Spider:3 | Gained mutation: You have large cloven feet. [potion of beneficial mutation]
 39499 | Spider:4 | Entered Level 4 of the Spider Nest
 39762 | Spider:4 | Reached skill level 16 in Fighting
 39992 | Spider:4 | Received a gift from Trog
 40292 | Spider:4 | Reached XP level 17. HP: 115/115 MP: 24/24
 40807 | Spider:4 | Got a gossamer rune of Zot
 41218 | Shoals:1 | Entered Level 1 of the Shoals
 42257 | Shoals:4 | Entered Level 4 of the Shoals
 42454 | Shoals:4 | Noticed Ilsuiw
 43059 | Shoals:4 | Got a barnacled rune of Zot
 43647 | D:15     | Entered Level 15 of the Dungeon
 43684 | D:15     | Reached skill level 17 in Fighting
 44268 | D:9      | Bought a pair of glowing gloves for 121 gold pieces
 44268 | D:9      | Bought a glowing plate armour for 621 gold pieces
 44439 | Orc:2    | Bought a runed plate armour for 713 gold pieces
 44439 | Orc:2    | Bought a shiny plate armour for 713 gold pieces
 45014 | D:14     | Found a gate to the Vaults.
 45357 | D:15     | Found a staircase to the Depths.
 45576 | Vaults:1 | Entered Level 1 of the Vaults
 45824 | Vaults:1 | Noticed a tentacled monstrosity
 45830 | Vaults:1 | Killed a tentacled monstrosity
 45964 | Vaults:1 | Reached XP level 18. HP: 120/124 MP: 25/25
 46015 | Vaults:1 | Noticed Saint Roka
 46576 | Vaults:1 | Killed Saint Roka
 46666 | Vaults:1 | Reached ****** piety under Trog
 46666 | Vaults:1 | Received a gift from Trog
 47468 | Vaults:1 | Received a gift from Trog
 47512 | Vaults:1 | Reached skill level 18 in Fighting
 48074 | Vaults:1 | Identified Apuyshex's Tome of Sinister Rites
 48488 | Vaults:1 | Received a gift from Trog
 48541 | Vaults:1 | Reached skill level 15 in Armour
 49311 | Vaults:2 | Noticed Boris
 49381 | Vaults:2 | Killed Boris
 49569 | Vaults:2 | Reached XP level 19. HP: 127/131 MP: 26/26
 49843 | Vaults:2 | Received a gift from Trog
 50950 | Vaults:2 | Received a gift from Trog
 51273 | Vaults:2 | Reached skill level 19 in Fighting
 51672 | Vaults:2 | Found a staircase to the Crypt.
 51795 | Vaults:2 | Reached skill level 10 in Dodging
 52422 | Vaults:3 | Received a gift from Trog
 52893 | Vaults:3 | Noticed Margery
 52938 | Vaults:3 | Killed Margery
 53260 | Vaults:3 | Noticed a lich
 53262 | Vaults:3 | Noticed Boris
 53293 | Vaults:3 | Noticed Xtahua
 53426 | Vaults:3 | Killed Xtahua
 53427 | Vaults:3 | HP: 2/133 [deep elf archer/arrow (9)]
 53835 | Elf:1    | Entered Level 1 of the Elven Halls
 53847 | Elf:1    | Reached XP level 20. HP: 101/139 MP: 27/27
 54003 | Elf:1    | Received a gift from Trog
 54027 | Elf:1    | Noticed Kirke
 54040 | Elf:1    | Killed Kirke
 54573 | Elf:1    | Found Dohaevumn's Assorted Antiques.
 54580 | Elf:1    | Bought a scroll of magic mapping for 84 gold pieces
 54922 | Elf:2    | Found Useaqiz's Antique Armour Shoppe.
 54973 | Elf:2    | Found a flickering gateway to a bazaar.
 55020 | Bazaar   | Entered a bazaar
 55164 | Bazaar   | Found Houcit's Assorted Antiques.
 55192 | Bazaar   | Found Risubbeo's Armour Emporium.
 55192 | Bazaar   | Found Heazoczu's Weapon Shoppe.
 55213 | Bazaar   | Found Mecu's Assorted Antiques.
 55213 | Bazaar   | Found Titomylif's Antique Weapon Shoppe.
 55256 | Bazaar   | Bought a scroll of teleportation for 48 gold pieces
 55256 | Bazaar   | Bought a runed plate armour for 368 gold pieces
 55256 | Bazaar   | Bought a scroll of teleportation for 48 gold pieces
 55256 | Bazaar   | Bought a scroll labeled ZILILO JIEBON for 16 gold pieces
 55256 | Bazaar   | Bought a potion of cancellation for 128 gold pieces
 55323 | Bazaar   | Bought a copper ring for 135 gold pieces
 56078 | Elf:2    | Found a runed gate.
 56078 | Elf:2    | Found a runed gate.
 56078 | Elf:2    | Found a runed gate.
 56659 | Elf:2    | Found Ixoepouq's Weapon Emporium.
 56704 | Elf:2    | Reached XP level 21. HP: 137/144 MP: 28/28
 56705 | Elf:2    | Reached XP level 22. HP: 142/151 MP: 29/29
 56916 | Elf:2    | Reached skill level 15 in Dodging
 57029 | Elf:2    | Received a gift from Trog
 57644 | Elf:2    | Cast into level 3 of the Abyss (deep elf blademaster)
 57644 | Abyss:3  | Found a corrupted altar of Lugonu.
 58131 | Abyss:5  | Entered Level 5 of the Abyss
 58244 | Abyss:5  | Found a corrupted altar of Lugonu.
 58420 | Abyss:5  | Reached skill level 20 in Fighting
 58478 | Abyss:5  | Paralysed by accursed screaming for 1 turns
 58479 | Abyss:5  | HP: 3/121 [starcursed mass/accursed screaming (15)]
 58480 | Abyss:5  | Found a corrupted altar of Lugonu.
 58507 | Elf:2    | Escaped the Abyss
 59440 | Elf:3    | Entered Level 3 of the Elven Halls
 59502 | Elf:3    | Found Lymamy's Book Shop.
 60130 | Elf:3    | Got a crystal lajatang
 60131 | Elf:3    | Identified the +4 lajatang "Gyrghewna" {flame, Str+4} (You acquired it on level 3 of the Elven Halls)
 61245 | Elf:3    | Got a steaming marble ring
 62355 | Elf:3    | Reached XP level 23. HP: 67/158 MP: 30/30
 62489 | Elf:3    | HP: 5/237 [deep elf master archer/arrow (13)]
 62490 | Elf:3    | Shot with an arrow by a deep elf master archer

Vault maps used:
D:1:      onia_arrival_handbag
D:2:      lemuel_round_altar, bloody_trog, uniq_jessica, uniq_natasha,
          uniq_robin
D:3:      gammafunk_temple_overflow_statue, first_bread
D:4:      kennysheep_little_box, uniq_sigmund
D:5:      minmay_temple_entry_junction
D:6:      nicolae_overflow_hidden_temple
D:7:      serial_curves, eino_curves_04, eino_curves_03, grunt_livestock,
          dk_vineyard_3, nicolae_dithmenos_through_a_glass_darkly, uniq_menkaure
D:8:      overflow_temple_1_default, lemuel_doored_altar, uniq_psyche,
          uniq_pikel
D:9:      serial_shops, shop, shop, kennysheep_mini, shop, shop
D:10:     lemuel_upstairs_altar, special_room
D:11:     grunt_lair_entry_orc_guard_hut
D:12:     orc_0_dummy, serial_bayou_pond_b, uniq_frances, uniq_maurice,
          uniq_josephine, uniq_maud
D:13:     serial_bayou, serial_bayou_pond_c, serial_bayou_pond_b,
          serial_bayou_lagoon_a, serial_bayou_pond_c, minmay_fountain_box,
          lemuel_tele_altar
D:14:     kennysheep_kobold_lugonu_temple, david_vaults_1, fountainhead,
          nrook_guardian_serpent_ordinary
D:15:     hangedman_depths_entry_civil_slaughter
Lair:2:   special_room, grunt_megastairs_2
Lair:3:   portal_ice_cave_entry_imps, infiniplex_staircase_pool_2
Lair:4:   minmay_shoals_entry_centaurs, special_room, lab_entry_generic,
          minivault_24, minivault_27
Lair:5:   grunt_megastairs_5
Lair:6:   spider_nest_entry_webs
Lair:8:   minmay_lair_end_frog_pond, slime_altar_2
Shoals:1: nicolae_shoals_water_elemental_grotto
Shoals:2: nicolae_shoals_circle_sea_wall
Shoals:3: uniq_polyphemus, uniq_jorgrun, uniq_nikola, uniq_aizul
Shoals:4: shoals_end_simple, shoals_ilsuiw_ice, uniq_ilsuiw
Spider:1: nicolae_spider_mines_3
Spider:2: spider_trap, hangedman_spider_trapstep
Spider:3: uniq_azrael
Spider:4: johnstein_spider_rune_arachne_lair
Orc:1:    enter_bailey_3, uniq_fannar
Orc:2:    st_orc_town, basic_altar, guppyfry_orc_lava_fort, uniq_snorg,
          uniq_donald, uniq_nessos
Elf:1:    elf_arrival_002, serial_shops,
          nicolae_shop_temple_entry_statues_fountains,
          minmay_elf_crystal_hexagon, uniq_kirke
Elf:2:    serial_shops, bzr_entry_customers, nicolae_shop_crystal, shop,
          moated_statue, small_statue_intersection, basic_stair_grate_trap
Elf:3:    elf_hall, serial_shops, shop
Vaults:1: hangedman_vaults_slither, vaults_room_hallway,
          nicolae_vaults_gold_heap, nicolae_vaults_sealed_display,
          vaults_mumra_minichess, vaults_dpeg_encased_lava,
          grunt_vaults_hallway_short, vaults_room_corners,
          ontoclasm_vaults_ring_small, v_alt_pattern_3, ontoclasm_vaults_idyll,
          v_misc_32, nicolae_vaults_big_ls, uniq_saint_roka
Vaults:2: serial_ice_b, v_alt_pattern_2, ontoclasm_vaults_bender,
          vaults_dpeg_spiral, vaults_mumra_bighexcomb,
          hangedman_vaults_river_flow, nicolae_vaults_yaktaur_gun_rack,
          nicolae_vaults_little_squares_3, ontoclasm_vaults_eye,
          nicolae_vaults_diagonal_hallway_9, v_rooms_6, vaults_mumra_lcd,
          vaults_mumra_minichess_inversion, minmay_crypt_entry_simple_box,
          uniq_boris
Vaults:3: hangedman_vaults_nails, v_misc_23, v_misc_12, vaults_room_large_hall,
          nicolae_vaults_ninety_degrees, vaults_dpeg_diagonal,
          grunt_vaults_diagonal, uniq_xtahua, uniq_margery, uniq_boris
Abyss:3:  nicolae_abyss_rune_star_stuff, evilmike_abyss_exit_chaos,
          hangedman_decor_lopped, hangedman_abyss_or_decor_lesser_grid,
          hangedman_abyss_mock_shop
Abyss:4:  evilmike_abyss_exit_16, kb_abyss_rune_zappy,
          bh_abyss_xom_lugonu_altar, guppyfry_abyss_exit_imp_island
Abyss:5:  evilmike_abyss_exit_6, evilmike_abyss_rune_acolytes_1
Lab:      labyrinth_spiral
Bazaar:   bazaar_long_row
Bailey:   bailey_polearm_gnolls_kennysheep, bailey
IceCv:    ice_cave_small_dragons

Action                   |  1- 3 |  4- 6 |  7- 9 | 10-12 | 13-15 | 16-18 | 19-21 | 22-24 || total
-------------------------+-------+-------+-------+-------+-------+-------+-------+-------++-------
Melee: Spear             |   102 |   210 |       |       |       |       |       |       ||   312
       Trident           |       |    32 |    72 |       |       |       |       |       ||   104
       Whip              |       |       |   349 |    22 |       |       |       |       ||   371
       Quarterstaff      |       |       |       |   711 |  1849 |  2259 |  1021 |   432 ||  6272
       Lajatang          |       |       |       |       |       |       |       |   225 ||   225
 Fire: Shortbow          |       |       |       |    11 |       |       |       |       ||    11
       Blowgun           |       |       |       |       |       |     3 |       |       ||     3
       Longbow           |       |       |       |       |       |     2 |       |       ||     2
Throw: Stone             |     1 |    24 |    10 |       |       |       |       |       ||    35
       Javelin           |       |       |       |     4 |     4 |       |       |       ||     8
       Throwing net      |       |       |       |       |     4 |       |       |       ||     4
       Tomahawk          |       |       |       |       |     1 |    10 |     2 |     9 ||    22
Invok: Berserk           |       |     4 |    15 |    26 |    51 |    58 |    25 |    16 ||   195
       Trog's Hand       |       |       |     1 |     2 |    15 |    13 |     6 |    11 ||    48
       Brothers in Arms  |       |       |       |     3 |    16 |    19 |     3 |     8 ||    49
       Burn Spellbooks   |       |       |       |       |     3 |     4 |     1 |       ||     8
Evoke: Wand              |       |       |     2 |       |    11 |    34 |    23 |     5 ||    75
       Phial of floods   |       |       |       |       |       |     3 |     1 |     3 ||     7
  Use: Scroll            |       |     6 |     5 |    10 |    14 |    27 |    15 |     5 ||    82
       Potion            |       |       |     3 |    11 |     3 |     8 |     6 |     4 ||    35
 Stab: Sleeping          |     5 |       |     1 |       |     6 |    15 |     5 |       ||    32
       Distracted        |       |       |       |       |     2 |     4 |     3 |     2 ||    11
       Held in net/web   |       |       |       |       |       |     3 |       |       ||     3
  Eat: Bread ration      |     1 |       |       |       |       |     3 |       |     3 ||     7
       Chunk             |       |     7 |     9 |    51 |   107 |    68 |    43 |    13 ||   298
       Meat ration       |       |     1 |     3 |     2 |       |     5 |     2 |     1 ||    14
       Beef jerky        |       |     1 |     2 |       |       |     5 |     1 |       ||     9
       Fruit             |       |       |    20 |       |     2 |       |       |       ||    22
       Pizza             |       |       |       |     7 |     1 |     1 |     1 |       ||    10
       Royal jelly       |       |       |       |       |       |       |       |     2 ||     2
